[Event "Open NK Rapid 2025 bord 26-50"]
[Site "Helmond, Netherlands"]
[Date "2025.05.03"]
[Round "6.23"]
[White "Bach Pareja, Raimon"]
[Black "Gergin, Isafara"]
[Result "1/2-1/2"]
[TimeControl "15 min +5 sec increment"]
[WhiteFideId "54728380"]
[BlackFideId "1082167"]
[WhiteElo "1868"]
[BlackElo "1779"]

1. e4 c6 2. Nf3 d5 3. Nc3 dxe4 4. Nxe4 Nf6 5. Qe2 Na6 6. Nxf6+ gxf6 7. d4 Qd5 8. g3 Bg4 9. Bg2 Bxf3 10.
Bxf3 Qxd4 11. O-O Nc7 12. Rd1 Qe5 13. Qd3 Nd5 14. c4 Nb6 15. Bf4 Qe6 16. Bc7 Qd7 17. Bxb6 Qxd3 18. Rxd3 axb6 19. Rad1 e5 20. Rd7 Rb8 21. Bh5 Be7 22. Rc7 Rf8 23.
Rdd7 Bd8 24. Rxb7 Rxb7 25. Rxb7 c5 26. Bf3 Rg8 27. Bd5 Rg7 28. Bc6+ Kf8 29. Rb8 Ke7 30. Rb7+ Kd6 31. Bb5 Bc7 32. Ra7 Rg8 33. Ra3 Rd8 34. Rd3+ Ke6 35. Ra3 f5 36.
Bc6 Rd2 37. Bd5+ Kd6 38. b3 f6 39. Ra8 e4 40. Kf1 Ke5 41. Rc8 Bd6 42. Re8+ Kd4 43. Rd8 Ke5 44. Re8+ Kd4 45. Rd8 Ke5 46. Re8+ 1/2-1/2

[Event "Open NK Rapid 2025 bord 26-50"]
[Site "Helmond, Netherlands"]
[Date "2025.05.03"]
[Round "6.24"]
[White "Van Esch, Rob"]
[Black "Hylarides, Charlie Ronald"]
[Result "1-0"]
[TimeControl "15 min +5 sec increment"]
[WhiteFideId "40119289"]
[BlackFideId "40105822"]
[WhiteElo "1860"]
[BlackElo "1774"]

1. e4 c6 2. Nc3 d5 3. Nf3 Bg4 4. Be2 e6 5. d4 Nf6 6. e5 Nfd7 7. O-O c5 8. Re1 Be7 9. h3 Bxf3 10.
Bxf3 cxd4 11. Qxd4 O-O 12. Qg4 Kh8 13. Bf4 Nc6 14. a3 a6 15. Rad1 Rc8 16. Rd2 Qc7 17. Qg3 Qb6 18. Nd1 Nd4 19.
c3 Nxf3+ 20. Qxf3 Nc5 21. Be3 Qb5 22. Bd4 Bg5 23. Rde2 Nd3 24. Rf1 Nc5 25. Qg4 Be7 26. f4 Nb3 27.
Ne3 Nxd4 28. cxd4 Qb6 29. Rd2 g6 30. Rf3 Rc1+ 31. Kh2 Rb1 32. Rg3 Rxb2 33. Rxb2 Qxb2 34. f5 exf5 35. Nxf5 Bd8 36. Ne3 Qb5 37. Qf4 Qc6 38.
Ng4 Qe6 39. Rf3 Kg7 40. h4 h5 41. Ne3 b5 42. g4 hxg4 43. Nxg4 Bxh4 44. Nf6 Bxf6 45. exf6+ Kg8 46. Qh4 Rc8 47.
Rf2 Kf8 48. Qh8# 1-0

[Event "Open NK Rapid 2025 bord 26-50"]
[Site "Helmond, Netherlands"]
[Date "2025.05.03"]
[Round "6.25"]
[White "Rogozyanskiy, Alexander"]
[Black "Koppenens, Oscar"]
[Result "1/2-1/2"]
[TimeControl "15 min +5 sec increment"]
[WhiteFideId "1092138"]
[BlackFideId "1087940"]
[WhiteElo "1726"]
[BlackElo "1858"]

1. e4 c5 2. Nf3 e6 3. d4 cxd4 4.
Nxd4 Nf6 5. Nc3 Nc6 6. Nxc6 bxc6 7. f4 Bb4 8. Bd3 Qb6 9. Qe2 d5 10. Bd2 dxe4 11. Nxe4 Nxe4 12. Bxe4 Ba6 13.
Bd3 Bxd3 14. cxd3 O-O 15. Bxb4 Qxb4+ 16. Qd2 Rab8 17. O-O-O Qa4 18. Kb1 Rb6 19. Rc1 Rfb8 20. Rc2 Qd4 21. g3 a5 22. Ka1 a4 23. Qc3 Qd5 24.
Re1 Ra8 25. Qc4 Qd6 26. Rd1 a3 27. b3 Ra5 28. Rdc1 h6 29. Qe4 c5 30. Qe5 Qxd3 31. Rxc5 Rxc5 32. Qxc5 Qd2 33. Rc2 Qd1+ 34.
Rc1 Qd2 35. Qc8+ Kh7 36. Qc2+ Qxc2 37. Rxc2 Rd6 38. Kb1 Rd1+ 39. Rc1 Rd2 40. Rc2 Rd1+ 41. Rc1 Rd2 42. Rc2 1/2-1/2

[Event "Open NK Rapid 2025 bord 26-50"]
[Site "Helmond, Netherlands"]
[Date "2025.05.03"]
[Round "7.1"]
[White "Werkhoven, Maarten"]
[Black "Aarts, Joaquin"]
[Result "0-1"]
[TimeControl "15 min +5 sec increment"]
[WhiteFideId "1014188"]
[BlackFideId "1078224"]
[WhiteElo "1822"]
[BlackElo "2027"]

1. Nc3 c5 2. Nf3 a6 3. d4 cxd4 4.
Nxd4 e5 5. Nf3 Nc6 6. e4 Nf6 7. Be2 Bb4 8. Qd3 Bxc3+ 9. bxc3 O-O 10. O-O d5 11. exd5 e4 12. Qc4 exf3 13. dxc6 fxe2 14.
Re1 bxc6 15. Bg5 Qd5 16. Qh4 Ne4 17. Be3 Nxc3 18. Bd4 Nb5 19. Bb2 Be6 20. Rxe2 Rad8 21. Rae1 Qf5 22. c4 Nd6 23.
Re5 Qf6 24. Qg3 Nxc4 25. Rxe6 Qxb2 26. Rxc6 Qd2 27. Kf1 Qxe1+ 28. Kxe1 Rfe8+ 29. Qe3 Nxe3 30. fxe3 Rxe3+ 0-1

[Event "Open NK Rapid 2025 bord 26-50"]
[Site "Helmond, Netherlands"]
[Date "2025.05.03"]
[Round "7.2"]
[White "Klein, Ron"]
[Black "Timmer, Michel"]
[Result "1-0"]
[TimeControl "15 min +5 sec increment"]
[WhiteFideId "1014668"]
[BlackFideId "40104524"]
[WhiteElo "2014"]
[BlackElo "1796"]

1. d4 Nf6 2. Nf3 g6 3. Bg5 Bg7 4. e3 c5 5. c3 cxd4 6. exd4 h6 7. Bh4 d6 8. Be2 Nc6 9. O-O O-O 10.
Nbd2 Qb6 11. Qb3 Be6 12. Bc4 Qxb3 13. axb3 d5 14. Bd3 a6 15. b4 Bd7 16. Rfe1 e6 17. Nb3 Na7 18. Nc5 Bc6 19.
Ne5 Nb5 20. Nxc6 bxc6 21. Nxa6 Nd7 22. Bxb5 cxb5 23. Nc7 Rab8 24. Be7 Rfc8 25. Ra7 Nb6 26. Nxb5 Nc4 27. Nd6 Nxb2 28. Nxc8 Rxc8 29.
Bc5 Rb8 30. Rea1 Kh7 31. Rxf7 1-0

[Event "Open NK Rapid 2025 bord 26-50"]
[Site "Helmond, Netherlands"]
[Date "2025.05.03"]
[Round "7.3"]
[White "Kryshtopa, Dmytro"]
[Black "Vogel, Jaap"]
[Result "0-1"]
[TimeControl "15 min +5 sec increment"]
[WhiteFideId "34160876"]
[BlackFideId "1000764"]
[WhiteElo "1791"]
[BlackElo "2006"]

1. e4 e6 2. Nf3 d5 3. Nc3 Nf6 4. e5 Nfd7 5.
d4 b6 6.
Ne2 Ba6 7. Ng3 Bxf1 8. Nxf1 Qc8 9. h4 h6 10. Ng3 Qa6 11. c3 c5 12. Nh5 Nc6 13. Nf4 Rc8 14. a3 Be7 15. Be3 Rg8 16.
Qb1 Rh8 17. Nh5 Bf8 18. Rh3 g6 19. Nf4 Rg8 20. Nh2 Ne7 21. g4 cxd4 22. cxd4 Qc4 23. h5 g5 24. Nd3 Qc2 25. Qxc2 Rxc2 26. Kd1 Rc4 27. Rc1 b5 28.
b3 Rxc1+ 29. Kxc1 Nc6 30. f4 Bxa3+ 31. Kd1 gxf4 32. Bxf4 Bf8 33. Nf3 Rxg4 34. Rh2 Nb4 35. Nxb4 Rxf4 36.
Rc2 Bxb4 37. Rc8+ Ke7 38. Ng5 0-1

[Event "Open NK Rapid 2025 bord 26-50"]
[Site "Helmond, Netherlands"]
[Date "2025.05.03"]
[Round "7.4"]
[White "Den Heijer, Rolinde"]
[Black "Zhang, Xiheng"]
[Result "0-1"]
[TimeControl "15 min +5 sec increment"]
[WhiteFideId "1068300"]
[BlackFideId "40102386"]
[WhiteElo "1991"]
[BlackElo "1778"]

1. e4 c5 2. Nf3 e6 3. d4 cxd4 4. Nxd4 Nf6 5. Nc3 Nc6 6. Ndb5 Bb4 7. a3 Bxc3+ 8. Nxc3 d5 9. exd5 exd5 10.
Bd3 O-O 11. O-O Bg4 12. f3 Bh5 13. Kh1 d4 14. Ne4 Nxe4 15. Bxe4 Re8 16. Bf4 Rxe4 17. Qd2 Re6 18. Rad1 Qb6 19.
b3 Rae8 20. Rf2 Qa5 21. b4 Qb5 22. Bg3 h6 23. h3 Re2 24. Rxe2 Qxe2 25. Qc1 Qe3 26. Qa1 Qg5 27. Kh2 Re2 28.
f4 Qd5 29. Rg1 Ne7 30. c4 Qe4 31. Qf1 Nf5 32. Bh4 Nxh4 0-1

[Event "Open NK Rapid 2025 bord 26-50"]
[Site "Helmond, Netherlands"]
[Date "2025.05.03"]
[Round "7.5"]
[White "Cakmak, Metehan Tugra"]
[Black "Apon, Iwahn"]
[Result "1/2-1/2"]
[TimeControl "15 min +5 sec increment"]
[WhiteFideId "44583885"]
[BlackFideId "1056115"]
[WhiteElo "1787"]
[BlackElo "1987"]

1. e4 d6 2. d4 Nf6 3. Bd3 e5 4. d5 Be7 5. c4 a5 6. Nc3 Nbd7 7. Nge2 Nc5 8. Bc2 O-O 9. O-O g6 10.
f4 exf4 11. Bxf4 Nh5 12. Be3 b6 13. Qd2 Bf6 14. Bd4 Be5 15. Rae1 Qh4 16. Bxe5 dxe5 17. Nb5 Qe7 18. b3 Ng7 19.
Ng3 Ne8 20. Rf2 Nd6 21. Nxd6 cxd6 22. Ref1 Ra7 23. Rf6 Nd7 24. R6f3 f6 25. Qf2 Kg7 26. h4 Nc5 27. Qe3 Bg4 28.
R3f2 h5 29. Bd1 Bxd1 30. Rxd1 Qd7 31. Rdf1 Qg4 32. Rf3 Rd7 33. Qf2 Rdf7 34. Rb1 Nxe4 35. Nxe4 Qxe4 36. Re1 Qg4 37. Rg3 Qd4 38. Qxd4 exd4 39. Rd1 Re8 40. Rgd3 Re2 41. R1d2 Rfe7 42.
Rxd4 Re1+ 43. Kf2 R1e4 44. Kf3 Re1 45. Kf2 f5 46. g3 Kf6 47. Kf3 Rf1+ 48. Kg2 Ree1 49. Rf4 Rg1+ 50. Kh3 Rh1+ 51.
Kg2 Reg1+ 52. Kf3 Rf1+ 53. Kg2 Rhg1+ 54. Kh3 Rxf4 55. gxf4 Re1 56. Kg2 Re4 57. Kf3 Re1 1/2-1/2

[Event "Open NK Rapid 2025 bord 26-50"]
[Site "Helmond, Netherlands"]
[Date "2025.05.03"]
[Round "7.6"]
[White "Blijlevens, Pim"]
[Black "Rohatgi, Kushagra"]
[Result "1-0"]
[TimeControl "15 min +5 sec increment"]
[WhiteFideId "1022997"]
[BlackFideId "34603212"]
[WhiteElo "1969"]
[BlackElo "1774"]

1. f4 d5 2. Nf3 Nf6 3. e3 c5 4. Bb5+ Bd7 5. Qe2 Bxb5 6. Qxb5+ Qd7 7. Qxc5 e5 8. Qc3 exf4 9. exf4 Ne4 10.
Qe5+ Qe7 11. d3 Nf6 12. Nc3 Nc6 13. Qxe7+ Bxe7 14. Bd2 O-O 15. O-O-O a6 16. Rde1 Rfe8 17. h3 b5 18. g4 Bd6 19.
g5 Nh5 20. Nxd5 Ng3 21. Rxe8+ Rxe8 22. Re1 Rxe1+ 23. Nxe1 Ne2+ 24. Kd1 Ng1 25. h4 Nd4 26. Be3 Ngf3 27. Nxf3 Nxf3 28. Bf2 Nh2 29.
c4 Ng4 30. Ke2 bxc4 31. dxc4 Nxf2 32.
Kxf2 Bc5+ 33. Kf3 Kf8 34.
b4 Bd4 35. c5 a5 36. Ke4 Bf2 37. a3 axb4 38. axb4 Ke8 39. h5 Kd7 40. Kd3 h6 41. gxh6 gxh6 42. Kc4 f5 43. b5 Bg3 44. c6+ Kd6 45. c7 Kd7 46.
b6 Kc8 47. Ne7+ Kd7 48. c8=Q+ Kxe7 49. Qxf5 Kd6 50. Qd3+ Kc6 51. Qxg3 Kxb6 52. Qg6+ Kc7 53. Kc5 Kd7 54. Qf7+ Kd8 55.
Kc6 Kc8 56. Qg8# 1-0

[Event "Open NK Rapid 2025 bord 26-50"]
[Site "Helmond, Netherlands"]
[Date "2025.05.03"]
[Round "7.8"]
[White "Wilming, Auke"]
[Black "Hallibert, Emilien"]
[Result "1-0"]
[TimeControl "15 min +5 sec increment"]
[WhiteFideId "40101096"]
[BlackFideId "1092561"]
[WhiteElo "1962"]
[BlackElo "1720"]

1. e4 c6 2. Nc3 d5 3. Nf3 Bg4 4. h3 Bxf3 5. Qxf3 Nf6 6.
d3 d4 7.
Nb1 e5 8. Qg3 Qc7 9. Be2 c5 10.
O-O Nc6 11. a4 a6 12. Na3 Rb8 13. f4 g6 14. fxe5 Nd7 15. Rxf7 Ncxe5 16. Rf1 Bd6 17. Qh4 Nf7 18. Bg4 Nde5 19.
Be6 O-O 20. Nc4 Nxc4 21. Bxc4 b5 22. axb5 axb5 23. Bd5 Be5 24. Bh6 Bg7 25. Bxg7 Kxg7 26. Qf6+ Kg8 27. e5 Qd7 28. Ba2 c4 29. e6 Qc7 30.
exf7+ Rxf7 31. Qxf7+ Qxf7 32. Rxf7 Kxf7 33. dxc4 bxc4 34.
Bxc4+ Kf6 35. b3 h5 36. Kf2 g5 37.
Ra6+ Kf5 38. Bd3+ Ke5 39. Ra5+ Kf6 40. Rf5+ Ke6 41. Rxg5 Rf8+ 42. Kg1 h4 43. Rg4 Ke5 44. Rxh4 Rg8 45.
Rh5+ Kf4 46. Kf2 Rf8 47. g3# 1-0

[Event "Open NK Rapid 2025 bord 26-50"]
[Site "Helmond, Netherlands"]
[Date "2025.05.03"]
[Round "7.9"]
[White "Van Wamel, Gijs"]
[Black "Darie, Aden"]
[Result "1-0"]
[TimeControl "15 min +5 sec increment"]
[WhiteFideId "40102165"]
[BlackFideId "1094831"]
[WhiteElo "1713"]
[BlackElo "1941"]

1. c4 e5 2. g3 Nf6 3. Bg2 c6 4. d4 e4 5. Nc3 d5 6. cxd5 cxd5 7. Bg5 Be7 8. Nh3 Nbd7 9. O-O h6 10.
Bxf6 Nxf6 11. Qb3 b6 12. Nf4 Bb7 13. e3 O-O 14. f3 Rc8 15. fxe4 dxe4 16. Rad1 Qd7 17. h3 Bd6 18. Kh2 Rfe8 19.
Rf2 Bxf4 20. gxf4 Qf5 21. Rg1 Bc6 22. Bf1 Bd7 23. a3 Qh5 24. Qd1 Qh4 25. Rd2 Rxc3 26. bxc3 Nd5 27. Qe2 Nxc3 28.
Qg2 g6 29. Bc4 Be6 30. d5 Bd7 31. d6 Qf6 32. Qxg6+ Qxg6 33. Rxg6+ Kh7 34. Rg1 f6 35. Rdg2 b5 36. Rg7+ Kh8 37. Rg8+ Rxg8 38. Rxg8+ Kh7 39. Bb3 a5 40. Rd8 Bc6 41.
d7 a4 42. Bf7 Bxd7 43. Rxd7 Nb1 44. Ba2+ 1-0

[Event "Open NK Rapid 2025 bord 26-50"]
[Site "Helmond, Netherlands"]
[Date "2025.05.03"]
[Round "7.11"]
[White "Kools, Thomas"]
[Black "Lenting, Roan"]
[Result "1-0"]
[TimeControl "15 min +5 sec increment"]
[WhiteFideId "1054759"]
[BlackFideId "1085905"]
[WhiteElo "2094"]
[BlackElo "1621"]

1. e4 c5 2. Nc3 Nc6 3. g3 g6 4. Bg2 Bg7 5. d3 e6 6. Be3 d6 7. f4 Nge7 8. Nf3 Nd4 9. O-O a6 10. e5 Nec6 11. exd6 Qxd6 12. Ne4 Qe7 13. c3 Nxf3+ 14. Qxf3 c4 15.
dxc4 e5 16. Bc5 Qe6 17. Rad1 Bf8 18. fxe5 Bxc5+ 19. Nxc5 Qe7 20. b4 O-O 21. Rde1 Bf5 22. Qf4 a5 23. a3 axb4 24. axb4 Ra3 25.
g4 Be6 26. Ne4 Kg7 27. Rf3 Bxc4 28. Rh3 g5 29. Nxg5 h6 30. Nxf7 Qg5 31. Qxg5+ hxg5 32. Nxg5 Rf4 33. Rg3 Nxe5 34.
h3 Nd3 35. Rxd3 Kf6 36. Rd6+ Kxg5 37.
Re5+ Kh4 38. Rh6+ Kg3 39. Re3+ 1-0

[Event "Open NK Rapid 2025 bord 26-50"]
[Site "Helmond, Netherlands"]
[Date "2025.05.03"]
[Round "7.12"]
[White "Bach Pareja, Raimon"]
[Black "Teianu, Sabin"]
[Result "1/2-1/2"]
[TimeControl "15 min +5 sec increment"]
[WhiteFideId "54728380"]
[BlackFideId "1095846"]
[WhiteElo "1868"]
[BlackElo "2089"]

1. e4 e6 2. Nf3 d5 3. Nc3 d4 4.
Ne2 c5 5. c3 Nc6 6. cxd4 Nf6 7.
Ng3 cxd4 8. Bc4 Bc5 9. O-O O-O 10. d3 Na5 11. Bb5 a6 12. Ba4 b5 13. Bc2 Nc6 14. Bg5 Be7 15. a4 Rb8 16. axb5 axb5 17. Bb3 Nd7 18. Bf4 e5 19. Bd2 Nc5 20. Bd5 Qd6 21.
Qc2 Rb6 22. Rfc1 Bd7 23. h3 Rc8 24. Ne1 Be6 25. Bxe6 Qxe6 26. Qd1 Nb3 27. Nf5 Nxa1 28. Rxa1 Bf8 29. Qg4 Kh8 30. Qh4 Ne7 31. Ng3 Ng6 32. Qg5 Be7 33.
Qh5 Qf6 34. Nf5 Bf8 35. Nf3 Ne7 36. Ng3 Ng6 37. Ra7 Re8 38. Ng5 h6 39. Rxf7 Qc6 40. Nf5 Rb7 41. Rxb7 Qxb7 42. Qxg6 hxg5 43. Bxg5 Qd7 44. h4 Kg8 45.
Qh5 Qf7 46. Qg4 b4 47. Bd2 Re6 48.
Nh6+ Rxh6 49. Bxh6 Qb3 50. Bg5 Qxb2 51. Qe6+ Kh8 52. Qf7 Qa1+ 53. Kh2 Qa8 54. h5 Qb8 55. h6 b3 56. hxg7+ Bxg7 57. Bf6 Bxf6 58. Qxf6+ Kg8 1/2-1/2

[Event "Open NK Rapid 2025 bord 26-50"]
[Site "Helmond, Netherlands"]
[Date "2025.05.03"]
[Round "7.13"]
[White "Ferretti, Lorenzo"]
[Black "Taams, Lisanne"]
[Result "0-1"]
[TimeControl "15 min +5 sec increment"]
[WhiteFideId "23441330"]
[BlackFideId "1055852"]
[WhiteElo "1863"]
[BlackElo "2078"]

1. e4 e6 2. d4 d5 3. Nc3 dxe4 4. Nxe4 Nd7 5. Nf3 Ngf6 6. Bd3 Nxe4 7. Bxe4 Nf6 8. Bd3 c5 9. c3 cxd4 10.
Nxd4 e5 11. Qe2 Bd6 12. Nf5 O-O 13. O-O Bc7 14. Be3 e4 15. Nd4 exd3 16. Qxd3 Qd6 17. g3 Bh3 18. Rfe1 Qd5 19. f3 Rad8 20. Qc2 Bb6 21. Kf2 Ng4+ 22.
Kg1 Nxe3 23. Rxe3 Bxd4 24. cxd4 Qxd4 25. Rae1 Rfe8 26. Qb3 Rxe3 27. Rxe3 Qd2 0-1

[Event "Open NK Rapid 2025 bord 26-50"]
[Site "Helmond, Netherlands"]
[Date "2025.05.03"]
[Round "7.14"]
[White "Koppenens, Oscar"]
[Black "Becx, Cesar"]
[Result "1-0"]
[TimeControl "15 min +5 sec increment"]
[WhiteFideId "1087940"]
[BlackFideId "1001183"]
[WhiteElo "1858"]
[BlackElo "2075"]

1. e4 e5 2. Nf3 Nc6 3. Bc4 Nf6 4. d4 exd4 5. O-O Nxe4 6. Nc3 d5 7. Bxd5 Nxc3 8. Bxc6+ bxc6 9. bxc3 Be7 10.
cxd4 O-O 11. Ne5 Bd6 12. Nxc6 Qf6 13. Bb2 Bxh2+ 14. Kxh2 Qxc6 15. d5 Qd6+ 16. f4 Ba6 17. Rf3 f6 18.
Ba3 Qd7 19. Bxf8 Rxf8 20. Qd4 Be2 21.
Re3 Bh5 22. Rae1 Bf7 23. Re7 Qf5 24. Rxc7 Bxd5 25. Rc5 Rd8 26. Rd1 Qh5+ 27. Kg1 1-0

[Event "Open NK Rapid 2025 bord 26-50"]
[Site "Helmond, Netherlands"]
[Date "2025.05.03"]
[Round "7.15"]
[White "Neuwald, Johannes"]
[Black "Bakels, Anton"]
[Result "1-0"]
[TimeControl "15 min +5 sec increment"]
[WhiteFideId "34683240"]
[BlackFideId "1046187"]
[WhiteElo "1839"]
[BlackElo "2025"]

1. a3 Nf6 2. h3 g6 3. b3 Bg7 4. Bb2 d6 5. e3 O-O 6. g3 e5 7. Bg2 c5 8. d3 Nc6 9. Ne2 Be6 10. Nd2 d5 11. g4 Ne8 12.
Ng3 f5 13. gxf5 gxf5 14. Nh5 Bh6 15. Rg1 Kh8 16. Nf3 d4 17. Qe2 Nf6 18. Nxf6 Qxf6 19. O-O-O dxe3 20. fxe3 Nd4 21. Qf2 a5 22.
Kb1 Nxf3 23. Bxf3 a4 24. bxa4 Rxa4 25. e4 fxe4 26. Qxc5 Bf4 27. Bxe4 Bg8 28. Rdf1 Re8 29. Rf3 Qf7 30.
c4 Ra6 31. Bd5 Qf5 32. Rgf1 Rg6 33. Be4 Rc8 34. Bxf5 Rxc5 35. Bxg6 1-0

[Event "Open NK Rapid 2025 bord 26-50"]
[Site "Helmond, Netherlands"]
[Date "2025.05.03"]
[Round "7.16"]
[White "Ruzaykyn, Oleksandr"]
[Black "Jansz, Wilfred"]
[Result "1-0"]
[TimeControl "15 min +5 sec increment"]
[WhiteFideId "1058134"]
[BlackFideId "40107353"]
[WhiteElo "1827"]
[BlackElo "1996"]

1. Nf3 Nf6 2. d4 g6 3. Bf4 Bg7 4.
h3 O-O 5. e3 d6 6. Be2 c6 7. c4 Nbd7 8. Nc3 Re8 9. O-O e5 10. Bh2 e4 11. Nd2 d5 12. cxd5 cxd5 13. Nb5 Re7 14. Bc7 Qf8 15. Bd6 Ne8 16.
Ba3 a6 17. Nc3 Nef6 18. Qb3 Qe8 19. Bxe7 Qxe7 20. Nxd5 Nxd5 21. Qxd5 Nf6 22. Qb3 Be6 23. Bc4 Bf5 24. Rfe1 b5 25. Bf1 Be6 26. Qd1 h5 27. a4 b4 28.
Bc4 Bf5 29. a5 Nh7 30. f3 Qg5 31. Nxe4 Bxe4 32. fxe4 Qg3 33. Qf3 Qxf3 34. gxf3 Ng5 35. Kg2 h4 36. Bd5 Rd8 37. Rac1 Rd7 38. Rc8+ Bf8 39. b3 Nh7 40. Bc4 Ra7 41.
Rc6 Kg7 42. Rxa6 Rc7 43. e5 Ng5 44. e4 Be7 45. f4 Nh7 46. d5 Bc5 47. Rc6 Rxc6 48. dxc6 1-0

[Event "Open NK Rapid 2025 bord 26-50"]
[Site "Helmond, Netherlands"]
[Date "2025.05.03"]
[Round "7.17"]
[White "Elferink, Leon"]
[Black "Schleipfenbauer, Bent"]
[Result "1-0"]
[TimeControl "15 min +5 sec increment"]
[WhiteFideId "1086545"]
[BlackFideId "1048759"]
[WhiteElo "1822"]
[BlackElo "1992"]

1. e4 c5 2. Nf3 Nc6 3.
Bb5 e6 4. O-O Nge7 5. Re1 a6 6. Bf1 Ng6 7. c3 e5 8. d4 d6 9.
dxc5 dxc5 10. Qxd8+ Nxd8 11. c4 Bg4 12. Nc3 Nc6 13. Nd5 Bd6 14. Be3 Bxf3 15. gxf3 Nd4 16. Bxd4 cxd4 17. b4 Rc8 18.
c5 Bb8 19. Bh3 Rd8 20. a4 Nf4 21. Nxf4 exf4 22. e5 Rd5 23. e6 f5 24. e7 Kf7 25.
Bf1 Re5 26. Rxe5 Bxe5 27. Re1 Kf6 28.
b5 a5 29. Bc4 Re8 30. Bd5 b6 31.
cxb6 Rxe7 32. Rc1 Rd7 33. Rc6+ Rd6 34. Bb3 d3 35. Kf1 Ke7 36. Rc5 Bd4 37. b7 Rd8 38. Rc7+ Kf8 39. Rc8 1-0

[Event "Open NK Rapid 2025 bord 26-50"]
[Site "Helmond, Netherlands"]
[Date "2025.05.03"]
[Round "7.18"]
[White "Hollands, Maxim"]
[Black "Kaufmann, Thomas"]
[Result "0-1"]
[TimeControl "15 min +5 sec increment"]
[WhiteFideId "1042335"]
[BlackFideId "1084941"]
[WhiteElo "1814"]
[BlackElo "1939"]

1. d4 Nf6 2. c4 g6 3. Nc3 Bg7 4. e4 d6 5. Be2 O-O 6. Bg5 c5 7. d5 h6 8. Bh4 Qa5 9. Qd2 e6 10.
Nf3 exd5 11. Nxd5 Qxd2+ 12. Nxd2 Nxd5 13. cxd5 Bxb2 14. Rb1 Bc3 15. Be7 Re8 16. Bxd6 Nd7 17. f3 f5 18. exf5 gxf5 19.
Rb3 Bd4 20. Nc4 b6 21. Bf4 Ba6 22. Ne3 Bxe2 23. Kxe2 Nf6 24. Kd2 Bxe3+ 25. Rxe3 h5 26. Rxe8+ Rxe8 27. d6 Rd8 28. Kc2 Nd5 29.
Be5 Kf7 30. f4 Ke6 31. a4 Rg8 32. g3 Ne3+ 33. Kb3 Ng4 34. Rd1 Nxe5 35. Re1 Kxd6 36. Rxe5 Rf8 37. Kc4 a6 38. Rd5+ Kc6 39.
Re5 b5+ 40. Kb3 Rf6 41. Re8 Rd6 42. axb5+ axb5 43. Rc8+ Kd5 44. Rh8 Ke4 45. Rxh5 Rc6 46. Kc3 c4 47. Rh8 b4+ 48. Kxb4 c3 49.
Re8 Kd3 50. Rd8+ Ke2 51. Re8+ Kf2 52. Ra8 c2 53. Ra2 Kf3 0-1

[Event "Open NK Rapid 2025 bord 26-50"]
[Site "Helmond, Netherlands"]
[Date "2025.05.03"]
[Round "7.19"]
[White "Ten Kate, Gustav"]
[Black "Frederiks, Jesse"]
[Result "0-1"]
[TimeControl "15 min +5 sec increment"]
[WhiteFideId "1095781"]
[BlackFideId "1095790"]
[WhiteElo "1800"]
[BlackElo "1937"]

1. e4 e5 2. Nf3 Nc6 3. Bb5 a6 4. Ba4 Nf6 5. O-O Be7 6. Re1 b5 7. Bb3 O-O 8. a4 b4 9. d4 d6 10. h3 exd4 11. Nxd4 Nxd4 12.
Qxd4 c5 13. Qd3 Bb7 14. Nd2 Nd7 15. Nc4 Ne5 16. Nxe5 dxe5 17. Bd5 Bxd5 18. exd5 Qd6 19. c4 bxc3 20. bxc3 Rab8 21. Bd2 Rb2 22.
Reb1 e4 23. Qe2 Rxb1+ 24. Rxb1 Qxd5 25. Be3 Qd3 26. Qb2 h5 27. Rc1 Qc4 28. a5 Rd8 29. Qb7 Bf8 30. Qc7 Rd3 31. Qe5 Qd5 32. Qxd5 Rxd5 33. Rb1 c4 34.
Bb6 Bc5 35. Bc7 Kh7 36. Kf1 Rd2 37.
Bg3 f5 38. Ke1 Ra2 39. Rb7 Rxa5 40. Rc7 Ra1+ 41. Ke2 Ra2+ 42. Ke1 Bb6 43. Rxc4 g5 44. Rc6 Rb2 45. Be5 Bxf2+ 46. Kd1 Be3 47. Rc7+ Kg6 48. c4 Rxg2 49. Rc6+ Kh7 50. Rxa6 f4 51.
Rf6 f3 52. Rf7+ Kg8 53. Rg7+ Kf8 54. Ke1 f2+ 55. Ke2 Rg1 56. Kxe3 f1=Q 57. Kxe4 Qe2+ 58.
Kf5 Qxe5+ 59. Kxe5 Kxg7 0-1

[Event "Open NK Rapid 2025 bord 26-50"]
[Site "Helmond, Netherlands"]
[Date "2025.05.03"]
[Round "7.20"]
[White "Van Baaren, Joris"]
[Black "Leenen, Boyd"]
[Result "0-1"]
[TimeControl "15 min +5 sec increment"]
[WhiteFideId "40108929"]
[BlackFideId "1083937"]
[WhiteElo "1796"]
[BlackElo "1931"]

1. e4 e5 2. Nf3 Nc6 3. Bb5 a6 4. Ba4 Nf6 5. d3 Bc5 6. Nc3 b5 7. Bb3 d6 8. Bg5 h6 9. Bxf6 Qxf6 10.
Nd5 Qd8 11. c3 O-O 12. h3 Ba7 13.
O-O Be6 14. a4 Kh8 15. axb5 axb5 16. d4 Qd7 17. Bc2 exd4 18. Nxd4 Nxd4 19. cxd4 Bxd5 20. exd5 Bb6 21. Qd3 g6 22.
Rxa8 Rxa8 23. Qe3 Kg7 24. Re1 Qd8 25. Bd3 Qf6 26. Bxb5 Bxd4 27. Qe2 Rb8 28. Rd1 Bxf2+ 29. Qxf2 Qxf2+ 30. Kxf2 Rxb5 31. Rd2 Kf6 32. Kf3 h5 33. Rc2 Rc5 34.
Rxc5 dxc5 35. Ke4 Ke7 36.
h4 Kd6 37. g3 f6 38. b3 c6 39. dxc6 Kxc6 40. Kd3 Kd5 41. Ke3 g5 42. Kd3 gxh4 43. gxh4 f5 44. Ke3 Ke5 45. Kf3 f4 46. Kf2 Ke4 47. Ke2 f3+ 48. Kf2 0-1

[Event "Open NK Rapid 2025 bord 26-50"]
[Site "Helmond, Netherlands"]
[Date "2025.05.03"]
[Round "7.21"]
[White "De Wit, Evan"]
[Black "Kazi, Zidan"]
[Result "1-0"]
[TimeControl "15 min +5 sec increment"]
[WhiteFideId "1096389"]
[BlackFideId "40102300"]
[WhiteElo "1917"]
[BlackElo "1818"]

1. d4 d5 2. c4 e6 3. Nc3 Nf6 4.
cxd5 exd5 5. Bg5 Bb4 6. e3 h6 7. Bh4 Nc6 8. a3 Bxc3+ 9. bxc3 Bf5 10. Bd3 Be6 11. Rb1 b6 12. Bb5 Bd7 13.
Ne2 a6 14. Bd3 O-O 15. O-O Re8 16. c4 Be6 17. cxd5 Bxd5 18. Nc3 Qd6 19. Bxf6 gxf6 20. e4 Be6 21. d5 Ne5 22. Bc2 Bc8 23.
a4 Bg4 24. Qd2 h5 25. f3 Bd7 26. Kh1 Rad8 27. Ne2 Ng6 28. Ng3 h4 29. Nh5 Kh7 30. f4 Bg4 31. e5 fxe5 32. fxe5 Rxe5 33.
Nf6+ Kg7 34. Nxg4 Rxd5 35. Qh6+ Kg8 36. Nf6+ Qxf6 37. Rxf6 Nf8 38. Rff1 Rd2 39. Rbd1 R2d6 40. Rxd6 Rxd6 41. Qf4 Rd7 42. Bb3 Kg7 43.
Bxf7 Nh7 44. Qg4+ Kf8 45. Qg8+ Ke7 46. Re1+ Kd6 47. Qg6+ Kc5 48. Rc1+ Kb4 49. Qb1+ Ka5 50. Qxh7 Rd8 51.
Qf5+ c5 52. Rxc5+ bxc5 53. Qxc5+ Kxa4 54. Qc4+ Ka5 55. Qc7+ Ka4 56. Qxd8 a5 57. Be8+ Kb4 58. Qxh4+ Kc3 59. Qa4 Kb2 60. Qxa5 Kb1 61. Qd2 Ka1 62.
Ba4 Kb1 63. Qc2+ Ka1 64. Qc3+ Kb1 65. Bc2+ Kc1 66. Bb3+ Kb1 67. Qc2+ Ka1 68. Qc1# 1-0

[Event "Open NK Rapid 2025 bord 26-50"]
[Site "Helmond, Netherlands"]
[Date "2025.05.03"]
[Round "7.22"]
[White "Seth, Aakrit"]
[Black "De Oude, Sybe"]
[Result "1/2-1/2"]
[TimeControl "15 min +5 sec increment"]
[WhiteFideId "34604812"]
[BlackFideId "40110052"]
[WhiteElo "1780"]
[BlackElo "1914"]

1. d4 f5 2. Bf4 Nf6 3. e3 e6 4. Be2 Be7 5. h3 O-O 6. Nf3 b6 7. c4 d6 8. Nc3 Bb7 9. Qc2 Ne4 10.
Nxe4 Bxe4 11. Bd3 Bxd3 12. Qxd3 Qc8 13. O-O Na6 14. a3 c5 15. Rfe1 Qb7 16. Bh2 Qe4 17. Qxe4 fxe4 18. Nd2 d5 19. cxd5 exd5 20. Nb3 Rac8 21. dxc5 Nxc5 22. Nxc5 Rxc5 23.
Be5 Rc2 24. Rac1 Rfxf2 25. Rxc2 Rxc2 26. Rd1 Re2 27. Rxd5 Rxe3 28. Rd7 Bf6 29. Bxf6 gxf6 30. Rxa7 Re2 31. Re7 f5 32. Re5 Rxb2 33.
Rxf5 Ra2 34. Re5 Rxa3 35. Rxe4 Rb3 36. Kf1 Kf7 37. Ke1 Kf6 38. Kd1 Rb2 39. Rg4 h5 40. Rg3 b5 41. Kc1 Rf2 42.
Rg8 Rf5 43. Rf8+ Kg5 44. Rxf5+ Kxf5 45. g4+ 1/2-1/2

[Event "Open NK Rapid 2025 bord 26-50"]
[Site "Helmond, Netherlands"]
[Date "2025.05.03"]
[Round "7.23"]
[White "Mau-Asam, LÃ©on"]
[Black "Van Ree, Thailo"]
[Result "0-1"]
[TimeControl "15 min +5 sec increment"]
[WhiteFideId "40105890"]
[BlackFideId "40102181"]
[WhiteElo "1795"]
[BlackElo "1877"]

1. d4 Nf6 2. c4 Nc6 3. Nc3 e5 4. d5 Ne7 5. e4 Ng6 6. Bd3 Bc5 7. Nge2 Ng4 8. O-O Qh4 9. h3 Nxf2 10.
Rxf2 Qxf2+ 11. Kh2 Nh4 0-1